 Dungeon Crawl Stone Soup version 0.31-a0-232-gb1c03b2570 (webtiles) character file.

Game seed: 6732623860860115985

316 qw the Shooter (level 6, -1/52 HPs)
             Began as a Minotaur Hexslinger on July 7, 2023.
             Succumbed to a scorpion's poison
             ... on level 4 of the Dungeon.
             The game lasted 00:00:56 (3118 turns).

qw the Shooter (Minotaur Hexslinger)                Turns: 3118, Time: 00:00:57

Health: -1/52      AC:  6    Str: 12    XL:     6   Next: 20%
Magic:  2/6        EV: 11    Int: 10    God:
Gold:   221        SH:  0    Dex: 15    Spells: 6/7 levels left

rFire   . . .        Y - +0 shortbow
rCold   . . .        (shield currently unavailable)
rNeg    . . .        i - +0 ring mail
rPois   .            (helmet restricted)
rElec   .            (no cloak)
rCorr   .            (no gloves)
SInv    .            l - +0 pair of boots
Will    .....        g - amulet of guardian spirit
Stlth   +            d - +4 ring of slaying {mikee}
HPRegen 0.28/turn    (no ring)
MPRegen 0.10/turn

%: guardian spirit
@: lethally poisoned (-1 -> -6)
A: horns 2, retaliatory headbutt
a: no special abilities


You were on level 4 of the Dungeon.
You visited 1 branch of the dungeon, and saw 5 of its levels.

You collected 221 gold pieces.


Innate Abilities, Weirdness & Mutations

You have a pair of horns on your head.
You reflexively headbutt those who attack you in melee.


   Skills:
 - Level 4.2 Fighting
 + Level 6.0 Ranged Weapons
 - Level 1.0 Armour
 - Level 2.1 Dodging
 - Level 1.0 Spellcasting
 - Level 2.0 Hexes


You had 6 spell levels left.
You knew the following spells:

 Your Spells              Type           Power      Damage    Failure   Level
a - Slow                  Hex            16%        N/A       34%         1

Your spell library contained the following spells:

 Spells                   Type           Power      Damage    Failure   Level
 Inner Flame              Hex/Fire       2%         N/A       83%         3
 Portal Projectile        Hex/Tloc       4%         N/A       83%         3
 Cause Fear               Hex            2%         N/A       98%         4

Inventory:

Hand Weapons
 Y - a +0 shortbow (weapon)
Armour
 i - a +0 ring mail (worn)
 l - a +0 pair of boots (worn)
Jewellery
 d - a +4 ring of slaying (left hand) {mikee}
 g - an amulet of guardian spirit (around neck)
Scrolls
 b - a scroll of identify
Potions
 a - a potion of enlightenment {unknown}
 c - a potion of mutation {unknown}
 e - a potion of brilliance {unknown}
 k - a potion of curing {unknown}

Dungeon Overview and Level Annotations

Branches:
Dungeon (5/15)
 Temple: D:4-7

Altars:
Dithmenos
Gozag
Trog
The Shining One


Message History

Enter note:
Enter note:
Enter note:
Enter note:
Enter note:
Enter note:
Enter note:
Enter note:
Enter note:
Enter note:
Enter note:
Enter note: You shoot an arrow.
The arrow hits the black bear!
The black bear is almost dead.
The scorpion closely misses you. The black bear bites you.
The black bear claws you but does no damage.
The black bear claws you. The scorpion stings you. The black bear bites you!
The black bear barely misses you. The black bear claws you.
You shoot an arrow. The arrow hits the black bear!
You kill the black bear!
The scorpion barely misses you.
The scorpion stings you but does no damage.
Your Ranged Weapons skill increases to level 6!
You shoot an arrow. The arrow hits the scorpion!
The scorpion is heavily wounded.
The scorpion completely misses you.
You shoot an arrow. The arrow hits the scorpion.
The scorpion is severely wounded.
The scorpion stings you.
You are lethally poisoned!
The scorpion poisons you! The scorpion stings you.
You shoot an arrow. The arrow hits the scorpion!
You kill the scorpion!
You feel very sick.
Your Fighting skill increases to level 4!
You have reached level 6!
There is a lethal amount of poison in your body!
You feel sick.
There is a lethal amount of poison in your body!
You die...

..##.####.##.###.#
####.# #.##.###.#
#.# #.##)..#.#
##'## #.####.#.#
##...###........#
##.....#######.###
#.......## ##.##
.........####..%##
.........'......@#
.........####..%##
#.......## ##.##
##.....## #.#
##)..## #.#
##+###### #.##
#.##...## #..#
#.#.###.####.#
####..## ##.# #.#


There were no monsters in sight!

Vanquished Creatures
  A black bear (D:4)
  A scorpion (D:4)
  A howler monkey (D:4)
  5 adders
  A shadow imp (D:3)
  A worm (D:2)
  5 dart slugs
  An orc (D:3)
  6 endoplasms
  2 giant cockroaches
  5 goblins
  12 hobgoblins
  4 kobolds
  3 quokkas
  4 ball pythons
  A bat (D:2)
  A frilled lizard (D:2)
  5 rats (D:2)
59 creatures vanquished.

Notes
Turn   | Place    | Note
-------+----------+-------------------------------------------
     0 | D:1      | qw the Minotaur Hexslinger began the quest for the Orb.
     0 | D:1      | Reached XP level 1. HP: 16/16 MP: 1/1
     0 | D:1      | 0 ||| qw: Version: 0.3-a-46-gb1f654a
     0 | D:1      | 0 ||| qw: Game counter: 2741
     0 | D:1      | 0 ||| qw: Melee chars always use a shield: true
     0 | D:1      | 0 ||| qw: God list: Okawaru
     0 | D:1      | 0 ||| qw: Allow faded altars: false
     0 | D:1      | 0 ||| qw: Do Orc after clearing Dungeon:15 true
     0 | D:1      | 0 ||| qw: Do second Lair branch before Depths: true
     0 | D:1      | 0 ||| qw: Lair rune preference: random
     0 | D:1      | 0 ||| qw: Goals: Normal
     0 | D:1      | 0 ||| PLANNING D:1-11
   135 | D:1      | Found a faded altar of an unknown god.
   187 | D:1      | Reached skill level 3 in Ranged Weapons
   189 | D:1      | Reached XP level 2. HP: 23/23 MP: 2/2
   373 | D:1      | 373 ||| UPGRADING to amulet of guardian spirit.
   778 | D:1      | 778 ||| UPGRADING to +0 ring mail.
   788 | D:1      | 788 ||| DROPPING +0 robe.
   789 | D:1      | 789 ||| UPGRADING to +4 ring of slaying {mikee}.
   790 | D:1      | 790 ||| READING scroll labelled NAYTIE TOVE.
   793 | D:1      | 793 ||| READING scroll labelled WAUGAENLYSS.
   834 | D:1      | 834 ||| READING scroll labelled ASHRANEOCER.
   835 | D:1      | 835 ||| DROPPING scroll of poison.
  1096 | D:2      | Reached XP level 3. HP: 29/29 MP: 3/3
  1140 | D:2      | Reached skill level 4 in Ranged Weapons
  1147 | D:2      | 1147 ||| FLEEEEING.
  1148 | D:2      | 1148 ||| FLEEEEING.
  1277 | D:2      | Reached skill level 1 in Armour
  1460 | D:2      | Reached XP level 4. HP: 31/36 MP: 4/4
  1714 | D:3      | 1714 ||| FLEEEEING.
  1720 | D:3      | 1720 ||| SWAPPING to +0 shortbow.
  1735 | D:3      | 1735 ||| DROPPING +1 sling.
  1756 | D:3      | Found a shadowy altar of Dithmenos.
  1845 | D:3      | Identified the +8 mace "Niemmih" {antimagic, rPois Dex+2}
  2096 | D:3      | Found a glowing golden altar of the Shining One.
  2159 | D:3      | Reached skill level 5 in Ranged Weapons
  2287 | D:3      | 2287 ||| UPGRADING to +0 pair of boots.
  2292 | D:3      | 2292 ||| READING scroll labelled JUIHIHIHARE.
  2293 | D:3      | 2293 ||| READING scroll labelled RUREME XUEQIPTE.
  2294 | D:3      | 2294 ||| READING scroll labelled POCUOR VAMNE.
  2295 | D:3      | 2295 ||| READING 2 scrolls of identify.
  2295 | D:3      | 2295 ||| IDENTIFYING ruby potion
  2296 | D:3      | 2296 ||| DROPPING potion of attraction.
  2370 | D:4      | Found a bloodstained altar of Trog.
  2388 | D:4      | Found an opulent altar of Gozag.
  2685 | D:4      | Reached skill level 3 in Fighting
  2685 | D:4      | Reached XP level 5. HP: 44/45 MP: 5/5
  2872 | D:4      | Identified the +6 spear of the Terrible God {flame, Fragile
                  | rF+ rC+ rCorr}
  3106 | D:5      | Entered Level 5 of the Dungeon
  3106 | D:5      | Noticed a black bear
  3108 | D:5      | Noticed a centaur
  3110 | D:5      | 3110 ||| STAIRDANCE
  3112 | D:4      | HP: 10/45 [black bear (2)]
  3113 | D:4      | Killed a black bear
  3114 | D:4      | Reached skill level 6 in Ranged Weapons
  3115 | D:4      | HP: 4/45 [scorpion (2)]
  3116 | D:4      | HP: 1/45 [poisoned by a scorpion]
  3117 | D:4      | Reached XP level 6. HP: 1/52 MP: 1/6
  3118 | D:4      | Succumbed to a scorpion's poison

Levels and vault maps discovered:
D:1:      matt_arrival_refuge, layout_basic, serial_glass, glass_columns_a,
          glass_columns_b, item_on_display_a, feat_on_display,
          minmay_strange_pillars, shapermc_ecumenical_altar_totnotflames
D:2:      layout_basic
D:3:      layout_basic, lemuel_round_altar, old_standard_altar,
          hangedman_decor_growths
D:4:      layout_loops_corners, nicolae_gozag_seed_capital,
          trog_three_pillars_becter
D:5:      layout_basic, nicolae_overflow_squiral,
          minmay_temple_entry_butterflies

Skill      XL: |  1  2  3  4  5 |
---------------+----------------+-----
Ranged Weapons | 3 4 5 6 |  6.0
Fighting       | 2 3 4 |  4.2
Armour         | 1 |  1.0
Dodging        | |  2.1
Spellcasting   | |  1.0
Hexes          | |  2.0

Action                     |  1- 3 |  4- 6 || total
---------------------------+-------+-------++-------
   Fire: Sling             |    97 |     9 ||   106
         Shortbow          |       |    59 ||    59
    Use: Scroll            |     3 |     4 ||     7
 Armour: Ring mail         |     8 |     9 ||    17
  Dodge: Dodged            |    12 |    13 ||    25

Table legend:
 A = Non-vault XP
 B = Vault XP
 C = Vault XP percentage of total XP
 D = Non-vault monster count
 E = Vault monster count
 F = Vault count percentage of total count
                 A         B        C        D         E       F
            +---------+---------+-------+---------+---------+-------
      Total |     452 |       0 |   0.0 |      59 |       0 |   0.0
            +---------+---------+-------+---------+---------+-------
        D:1 |      27 |       0 |   0.0 |      14 |       0 |   0.0
        D:2 |      77 |       0 |   0.0 |      26 |       0 |   0.0
        D:3 |      54 |       0 |   0.0 |      11 |       0 |   0.0
        D:4 |     294 |       0 |   0.0 |       8 |       0 |   0.0
            +---------+---------+-------+---------+---------+-------
